 Dungeon Crawl Stone Soup version 0.19.5 (webtiles) character file.

23069 LORDOFBUTT the Cleaver (level 13, -4/109 HPs)
             Began as a Formicid Fighter on Mar 9, 2017.
             Was an Initiate of Gozag.
             Slain by an orc warrior
             ... wielding a +0 trident
              (29 damage)
             ... on level 2 of the Orcish Mines.
             The game lasted 00:24:26 (14034 turns).

LORDOFBUTT the Cleaver (Formicid Fighter)          Turns: 14034, Time: 00:24:27

Health: -4/109     AC: 11    Str: 22    XL:     13   Next: 32%
Magic:  11/11      EV: 12    Int:  8    God:    Gozag
Gold:   1887       SH: 12    Dex: 17    Spells: 0 memorised, 12 levels left

rFire  + . .     SeeInvis +     j - +3 hand axe (elec)
rCold  . . .     Gourm    .     k - +1 ring mail {rF+}
rNeg   . . .     Faith    .     c - +0 shield
rPois  +         Spirit   .     (helmet unavailable)
rElec  .         Reflect  .     h - +0 cloak
rCorr  .         Harm     .     w - +0 pair of gloves
MR     +....                    (no boots)
Stlth  +.........               (no amulet)
                                t - ring of poison resistance
                                b - +3 ring of dexterity

@: gold aura
A: permanent stasis, dig shafts and tunnels, four strong arms, antennae 3, beak,
claws 1, hooves 1, repulsion field 1, rugged brown scales 1, thin metallic
scales 1, deformed body, low mp 1, wild magic 1, evolution 1, MP-powered wands
a: Dig, Shaft Self, Potion Petition, Call Merchant, Bribe Branch, Renounce
Religion


You were on level 2 of the Orcish Mines.
You worshipped Gozag.
Gozag was most pleased with you.
You were not hungry.

You visited 3 branches of the dungeon, and saw 14 of its levels.
You also visited: Ice Cave.

You collected 3756 gold pieces.
You paid 1869 gold pieces to Gozag.

Inventory:

Hand Weapons
 j - a +3 hand axe of electrocution (weapon)
Missiles
 r - 4 needles of paralysis
Armour
 c - a +0 shield (worn)
 h - a +0 cloak (worn)
 k - a +1 ring mail of fire resistance (worn)
 w - a +0 pair of gloves (worn)
Jewellery
 b - a +3 ring of dexterity (left hand)
 p - an uncursed ring of protection from cold
 t - a ring of poison resistance (right hand)
 C - an uncursed amulet of harm
Wands
 a - a wand of lightning (11/15)
 l - a wand of iceblast (5/15)
 z - a wand of polymorph (13/24)
 H - a wand of paralysis (14/24)
 J - a wand of polymorph (8/24)
 L - a wand of flame (30/48)
 N - a wand of flame (27/48)
Scrolls
 d - 2 scrolls of fog
 n - 5 scrolls of immolation
 o - 2 scrolls of remove curse
 u - a scroll of recharging {unknown}
 v - a scroll of blinking
 I - 2 scrolls of teleportation
Potions
 g - a potion of brilliance
 q - 4 potions of agility
 s - a potion of cancellation
 x - a potion of heal wounds {unknown}
 A - 2 potions of flight
 B - a potion of ambrosia
 E - 2 potions of magic
Books
 e - a book of Minor Magic

   Spells                             Type                      Level
   a - Magic Dart                     Conjuration                  1
   b - Blink                          Translocation                2
   c - Call Imp                       Summoning                    2
   d - Repel Missiles                 Charms/Air                   2
   e - Slow                           Hexes                        2
   f - Conjure Flame                  Conjuration/Fire             3
   g - Mephitic Cloud                 Conjuration/Poison/Air       3
 i - a book of Ice

   Spells                             Type                      Level
   a - Ice Form                       Ice/Transmutation            4
   b - Metabolic Englaciation         Hexes/Ice                    5
   c - Ozocubu's Refrigeration        Ice                          6
   d - Bolt of Cold                   Conjuration/Ice              6
   e - Freezing Cloud                 Conjuration/Ice/Air          6
   f - Simulacrum                     Ice/Necromancy               6
 y - a book of Necromancy

   Spells                             Type                      Level
   a - Pain                           Necromancy                   1
   b - Animate Skeleton               Necromancy                   1
   c - Vampiric Draining              Necromancy                   3
   d - Regeneration                   Charms/Necromancy            3
   e - Animate Dead                   Necromancy                   4
   f - Control Undead                 Necromancy                   4
Comestibles
 f - 3 bread rations
 m - 6 meat rations
 D - 7 slices of pizza
 G - a royal jelly
 K - 3 beef jerkies


   Skills:
 + Level 11.0 Fighting
 - Level 14.4 Axes
 + Level 10.8 Armour
 - Level 10.3 Shields


You had 12 spell levels left.
You didn't know any spells.

Dungeon Overview and Level Annotations

Branches:
Dungeon (11/15)            Temple (1/1) D:5            Lair (0/6) D:11
    Orc (2/2) D:11            Elf (0/3) Orc:2

Altars:
Ashenzari
Cheibriados
Dithmenos
Elyvilon
Fedhas
Gozag
Hepliaklqana
Kikubaaqudgha
Makhleb
Nemelex Xobeh
Okawaru
Qazlal
Ru
Sif Muna
Trog
Uskayaw
Vehumet
Xom
Yredelemnul
Zin
The Shining One
Beogh

Shops:
D:4 }   D:8 ?[%   Orc:2 [%[}


Innate Abilities, Weirdness & Mutations

You are under a permanent stasis effect.
You can dig through walls and to a lower floor.
Your four strong arms can wield two-handed weapons with a shield.
You have a pair of large antennae on your head. (SInv)
You have a beak for a mouth.
You have sharp fingernails.
You have large cloven feet.
You are surrounded by a mild repulsion field. (EV +2)
You are partially covered in rugged brown scales. (AC +1, +3% HP)
You are partially covered in thin metallic scales. (AC +2)
Armour fits poorly on your strangely shaped body.
Your magical capacity is low. (-10% MP)
Your spells are a little harder to cast, but a little more powerful.
You evolve.
You expend magic power (3 MP) to strengthen your wands.


Message History

You peck the orc knight, but do no damage.
The orc knight is almost dead.
The orc warrior closely misses you. You block the orc's attack.
You block the orc warrior's attack.
You hit the orc knight but do no damage.
You kick the orc knight, but do no damage.
The orc knight is almost dead.
The orc knight hits you with a battleaxe!
You slash the orc knight!
You kill the orc knight!
Your life force feels restored.
Your Fighting skill increases to level 11!
You block the orc's attack. The orc warrior completely misses you.
The orc warrior hits you from afar with a trident!!
* * * LOW HITPOINT WARNING * * *
The orc sorcerer shouts!
You block the orc's attack.
The orc warrior hits you from afar with a trident!!
You die...
Your body crumbles into a pile of gold.

#.#..### ##....#........#..##
.......## #.....##...#.#.....#
........# ##.....##.........#####
....##.####.....####.........##.#
....#.#.##.....##.#......#.......
..........#.##.#.....#...#.#.....
#...........#....oo..##........#.
...............#.o#....#......#..
..............).@)o#.............
............<.[[.[.###.##........
..............)[....#...#........
.....)............[......#.......
.#...............#)..............
.................................
.................................
)................#...............
................##.#.............


You could see an orc sorcerer, 2 orc warriors and an orc.

Vanquished Creatures
  An orc warlord (Orc:1)
  3 hill giants
  6 orc knights
  3 ugly things
  A cyclops (D:11)
  3 orc sorcerers (Orc:1)
  The ghost of drayab the Skirmisher, a novice MiFi (D:4)
  An ice statue (IceCv)
  2 trolls
  A hippogriff (D:8)
  Grinder (D:3)
  A shadow (D:11)
  A water elemental (D:11)
  A human (D:11)
  4 hogs (D:11)
  A hungry ghost (D:9)
  10 wargs
  A soldier ant (D:10)
  2 water moccasins
  49 orc warriors
  8 ice beasts
  4 sky beasts
  3 phantoms
  A necrophage (D:11)
  8 ogres
  2 wolves (D:11)
  3 centaurs
  Blork the orc (D:5)
  5 big kobolds
  5 bullfrogs
  A crocodile (D:8)
  A wyvern zombie (D:10)
  A scorpion (D:4)
  4 killer bees (D:9)
  18 wights
  6 crimson imps
  A centaur zombie (D:8)
  A quasit (D:7)
  5 jellies
  8 hounds
  12 orc priests
  23 orc wizards
  2 bullfrog skeletons
  6 iguanas
  9 worker ants
  2 hound skeletons
  3 worker ant zombies
  6 adders
  A shadow imp (D:8)
  An adder zombie (D:7)
  2 worms (D:2)
  3 dart slugs
  6 leopard geckos
  118 orcs
  A ball python (D:5)
  3 giant cockroaches
  8 goblins
  10 hobgoblins
  11 jackals
  2 quokkas
  3 bats
  9 frilled lizards
  25 kobolds
  2 leopard gecko skeletons
  A leopard gecko zombie (D:7)
  3 quokka skeletons
  8 rats
459 creatures vanquished.

Notes
Turn   | Place    | Note
-------+----------+-------------------------------------------
     0 | D:1      | LORDOFBUTT the Formicid Fighter began the quest for the Orb.
     0 | D:1      | Reached XP level 1. HP: 18/18 MP: 1/1
   131 | D:1      | Reached XP level 2. HP: 21/24 MP: 2/2
   353 | D:1      | Reached XP level 3. HP: 24/29 MP: 3/3
   756 | D:1      | Reached skill level 5 in Shields
   869 | D:2      | Found a sparkling altar of Nemelex Xobeh.
  1055 | D:2      | Reached XP level 4. HP: 33/35 MP: 4/4
  1596 | D:3      | Noticed Grinder
  1623 | D:3      | Killed Grinder
  1623 | D:3      | Reached XP level 5. HP: 24/41 MP: 5/5
  1623 | D:3      | Reached XP level 6. HP: 28/47 MP: 6/6
  2413 | D:4      | Reached XP level 7. HP: 38/52 MP: 7/7
  2425 | D:4      | Noticed drayab's ghost (novice MiFi)
  2446 | D:4      | Killed drayab's ghost
  2446 | D:4      | Reached skill level 10 in Shields
  2779 | D:4      | Reached XP level 8. HP: 58/58 MP: 8/8
  2784 | D:4      | Found Onwuurcho's Gadget Shoppe.
  2796 | D:4      | Reached skill level 3 in Axes
  2957 | D:4      | Reached skill level 4 in Axes
  3163 | D:4      | Reached skill level 5 in Axes
  3225 | D:5      | Entered Level 5 of the Dungeon
  3377 | D:5      | Reached skill level 6 in Axes
  3613 | D:5      | Reached XP level 9. HP: 27/64 MP: 9/9
  3616 | D:5      | Reached skill level 7 in Axes
  3671 | D:5      | Found a shimmering altar of Xom.
  3705 | D:5      | Found a radiant altar of Vehumet.
  3731 | D:5      | Noticed Blork the orc
  3739 | D:5      | Killed Blork the orc
  3793 | D:5      | Found a basalt altar of Yredelemnul.
  3794 | D:5      | Found a deep blue altar of Sif Muna.
  3965 | D:5      | Found a staircase to the Ecumenical Temple.
  3986 | Temple   | Entered the Ecumenical Temple
  4474 | D:6      | Reached skill level 8 in Axes
  5026 | D:7      | Reached skill level 9 in Axes
  5356 | D:7      | Gained mutation: Your spells are a little harder to cast, but a little more powerful. [mutagenic meat]
  5357 | D:7      | Gained mutation: You evolve. [mutagenic meat]
  5358 | D:7      | Gained mutation: Scrolls take you a little longer to read. [mutagenic meat]
  5359 | D:7      | Gained mutation: You are covered in fur. (AC +1) [mutagenic meat]
  5360 | D:7      | Gained mutation: Your magical capacity is low. (-10% MP) [mutagenic meat]
  5361 | D:7      | Lost mutation: You are covered in fur. (AC +1) [mutagenic meat]
  5607 | D:8      | Found Evygitti's Magic Scroll Boutique.
  5699 | D:8      | Noticed a hippogriff
  5707 | D:8      | Killed a hippogriff
  5707 | D:8      | Reached skill level 10 in Axes
  5708 | D:8      | Found an iron altar of Okawaru.
  5709 | D:8      | Found a burning altar of Makhleb.
  5709 | D:8      | Found an opulent altar of Gozag.
  5710 | D:8      | Found a glowing golden altar of the Shining One.
  5760 | D:8      | Reached XP level 10. HP: 56/70 MP: 9/9
  5788 | D:8      | Became a worshipper of Gozag Ym Sagoz the Greedy
  5915 | D:8      | Found Ceipluam's Food Boutique.
  6148 | D:8      | Reached skill level 11 in Axes
  6246 | D:8      | Found Wisch's Antique Armour Shoppe.
  6466 | D:9      | Reached skill level 12 in Axes
  6605 | D:9      | Found a stormy altar of Qazlal.
  7058 | D:9      | Gained mutation: You expend magic power (3 MP) to strengthen your wands. [potion of mutation]
  7058 | D:9      | Gained mutation: You have large cloven feet. [potion of mutation]
  7058 | D:9      | Gained mutation: You are frail. (-10% HP) [potion of mutation]
  7059 | D:9      | Lost mutation: Scrolls take you a little longer to read. [potion of mutation]
  7059 | D:9      | Gained mutation: You are surrounded by a mild repulsion field. (EV +2) [potion of mutation]
  7059 | D:9      | Gained mutation: You have a beak for a mouth. [potion of mutation]
  7060 | D:9      | Gained mutation: You are partially covered in rugged brown scales. (AC +1, +3% HP) [potion of mutation]
  7060 | D:9      | Gained mutation: Armour fits poorly on your strangely shaped body. [potion of mutation]
  7061 | D:9      | Gained mutation: You are partially covered in thin metallic scales. (AC +2) [potion of beneficial mutation]
  7082 | D:10     | Entered Level 10 of the Dungeon
  7132 | D:10     | Lost mutation: You are frail. (-10% HP) [evolution]
  7168 | D:10     | You fall through a shaft!
  7297 | D:11     | Found a staircase to the Orcish Mines.
  7366 | D:11     | Noticed a cyclops
  7373 | D:11     | Killed a cyclops
  7373 | D:11     | Reached skill level 13 in Axes
  7373 | D:11     | Reached XP level 11. HP: 52/77 MP: 9/9
  7593 | D:10     | Noticed a hill giant
  7599 | D:10     | Killed a hill giant
  7617 | D:10     | Noticed a hill giant
  7625 | D:10     | Killed a hill giant
  7625 | D:10     | Reached skill level 14 in Axes
  8303 | D:11     | Noticed a white ugly thing
  8320 | D:11     | Found a staircase to the Lair.
  8335 | D:10     | Killed a white ugly thing
  9036 | D:11     | Noticed a hill giant
  9112 | D:11     | Reached skill level 5 in Fighting
  9112 | D:11     | Reached skill level 5 in Armour
  9491 | D:11     | Killed a hill giant
  9516 | Orc:1    | Entered Level 1 of the Orcish Mines
  9516 | Orc:1    | Noticed an orc sorcerer
  9523 | Orc:1    | Killed an orc sorcerer
  9528 | Orc:1    | Reached XP level 12. HP: 87/90 MP: 10/10
  9745 | Orc:1    | Noticed an orc warlord
  9758 | Orc:1    | Killed an orc warlord
 10959 | Orc:2    | Entered Level 2 of the Orcish Mines
 11010 | Orc:2    | Found a frozen archway.
 11017 | IceCv    | Entered an ice cave
 12395 | Orc:2    | Reached XP level 13. HP: 97/106 MP: 11/11
 12415 | Orc:2    | Found a staircase to the Elven Halls.
 12440 | Orc:2    | Found a roughly hewn altar of Beogh.
 12493 | Orc:1    | Gained mutation: You have sharp fingernails. [evolution]
 12763 | Orc:1    | HP: 4/106 [orc knight/war axe (13)]
 12765 | Orc:1    | Reached skill level 10 in Fighting
 13133 | Orc:2    | Reached skill level 10 in Armour
 13504 | Orc:2    | Found Ismey's Food Shoppe.
 13504 | Orc:2    | Found Jyll's Antique Armour Shop.
 13744 | Orc:2    | Found Othrik's Gadget Shoppe.
 13744 | Orc:2    | Found Linwu's Antique Armour Shop.
 14034 | Orc:2    | Slain by an orc warrior

Skill      XL: |  1  2  3  4  5  6  7  8  9 10 11 12 13 |
---------------+----------------------------------------+-----
Shields        | 4 5 8 10 | 10.3
Axes           | 6 10 13 14 | 14.4
Fighting       | 6 9 11 | 11.0
Armour         | 6 9 10 | 10.8

Action                   |  1- 3 |  4- 6 |  7- 9 | 10-12 | 13-15 || total
-------------------------+-------+-------+-------+-------+-------++-------
Melee: War axe           |    87 |   144 |   107 |       |       ||   338
       Broad axe         |       |       |    31 |       |       ||    31
       Hand axe          |       |       |   169 |   841 |   197 ||  1207
       Kick              |       |       |       |   203 |    66 ||   269
       Peck              |       |       |       |   144 |    47 ||   191
Invok: Potion Petition   |       |       |       |     2 |     2 ||     4
 Abil: Dig               |       |       |       |     2 |       ||     2
  Use: Potion            |       |     8 |     2 |     7 |       ||    17
       Scroll            |       |     7 |     1 |    16 |     1 ||    25
 Stab: Distracted        |       |       |       |     7 |     3 ||    10
       Invisible         |       |       |       |    14 |     4 ||    18
  Eat: Chunk             |     1 |     4 |    17 |       |       ||    22
       Fruit             |       |       |       |     9 |       ||     9
       Bread ration      |       |       |       |     3 |     1 ||     4
       Pizza             |       |       |       |     1 |       ||     1
       Meat ration       |       |       |       |       |     1 ||     1
Armor: Scale mail        |    29 |    51 |    67 |    51 |       ||   198
       Ring mail         |       |       |       |    36 |    19 ||    55
Dodge: Dodged            |    31 |    33 |    89 |   156 |    47 ||   356
Block: Shield            |    59 |    80 |   161 |   263 |    95 ||   658
